Map: Neon Violet Square LE

Players

SamuraiFunn

  • Race: Protoss Protoss
  • League: Platinum
  • Spawn Location: 11:00

A.I. 1 (Very Hard) - Winner!

  • Race: Protoss Protoss
  • Spawn Location: 5:00

VOD

Have the link to the VOD?

Description

Time

  • Played on: Nov. 28, 2017, 10:52 p.m.
  • Length: 12:36
Show
View Real Time Build Order
Export as new Build Order

SamuraiFunn Protoss 

Build Orders: Blink Stalkers 

Get SALT Encoding   

  12  0:01  Probe  
  13  0:14  Probe  
  14  0:22  Pylon  
  14  0:26  Probe  
  15  0:39  Assimilator  
  15  0:42  Probe  
  16  0:54  Probe  
  17  0:59  Gateway  
  17  1:06  Probe  
  18  1:18  Probe  
  18  1:21  Assimilator  
  19  1:30  Probe  
  19  1:32  Pylon  
  20  1:42  Probe  
  21  1:50  Cybernetics Core  
  21  1:51  Zealot  
  23  1:55  Probe  
  24  2:06  Nexus  
  24  2:08  Probe  
  25  2:16  Pylon  
  25  2:20  Probe  
  26  2:27  Stalker  
  28  2:30  Warp Gate (Chrono Boost)  
  28  2:34  Probe  
  29  2:46  Probe  
  30  2:57  Stalker  
  32  3:00  Probe  
  32  3:04  Twilight Council  
  33  3:12  Probe  
  34  3:20  Probe  
  34  3:24  Probe  
  34  3:26  Gateway  
  36  3:31  Stalker  
  38  3:36  Probe x2  
  40  3:47  Pylon  
  40  3:48  Probe x2  
  41  3:53  Blink  
  42  4:00  Probe x2  
  44  4:07  Assimilator  
  44  4:12  Probe  
  44  4:13  Probe  
  46  4:24  Probe, Robotics Facility  
  46  4:25  Probe, Stalker x2  
  52  4:36  Probe  
  52  4:37  Probe  
  54  4:44  Assimilator  
  54  4:48  Probe  
  54  4:49  Probe  
  56  4:56  Nexus  
  56  4:59  Pylon  
  56  5:08  Stalker  
  56  5:11  Stalker  
  60  5:17  Probe  
  60  5:18  Probe  
  62  5:24  Immortal (Chrono Boost)  
  66  5:30  Probe x2  
  68  5:42  Probe x2  
  70  5:53  Pylon  
  70  5:54  Charge  
  70  6:04  Pylon  
  70  6:07  Probe x2  
  72  6:18  Robotics Facility  
  72  6:24  Robotics Bay  
  72  6:28  Probe x3  
  72  6:31  Pylon  
  75  6:35  Pylon, Stalker  
  75  6:36  Stalker  
  75  6:39  Pylon  
  79  6:40  Probe x3  
  79  6:45  Gateway  
  82  6:47  Gateway  
  82  6:55  Probe x3  
  85  7:02  Stalker x2  
  85  7:07  Immortal x2  
  97  7:11  Assimilator  
  97  7:16  Assimilator  
  97  7:18  Probe x3, Pylon  
  100  7:24  Extended Thermal Lance  
  100  7:29  Stalker x2  
  104  7:40  Probe x3  
  109  7:46  Pylon  
  109  7:47  Observer x2  
  109  7:49  Pylon  
  109  7:53  Pylon  
  109  8:03  Stalker x2  
  109  8:04  Stalker x2  
  117  8:07  Colossus x2  
  129  8:38  Gateway  
  129  8:41  Gateway  
  129  8:42  Gateway  
  129  8:45  Gateway  
  129  8:50  Probe x2  
  131  9:01  Nexus, Immortal  
  131  9:02  Immortal  
  139  9:04  Pylon  
  139  9:07  Pylon  
  139  9:10  Pylon  
  139  9:20  Pylon  
  139  9:24  Pylon  
  139  9:26  Pylon  
  139  9:27  Stalker x4  
  147  9:34  Forge  
  147  9:35  Forge  
  147  9:38  Forge  
  147  9:40  Colossus x2  
  159  9:56  Robotics Facility  
  159  9:58  Robotics Facility  
  157  10:02  Robotics Facility  
  155  10:33  Colossus  
  155  10:34  Colossus  
  141  10:53  Stalker x3  
  141  10:54  Stalker x4  
  109  11:20  Stalker x4  
  109  11:21  Stalker x3  
  109  11:27  Colossus x2  
  105  11:46  Stalker x4  
  109  11:47  Stalker x3  
Show
View Real Time Build Order
Export as new Build Order

A.I. 1 (Very Hard) Protoss - Winner!

Build Orders: Zealot Archon, Colossus Rush 

Get SALT Encoding   

  12  0:00  Probe  
  13  0:13  Probe  
  14  0:22  Pylon  
  14  0:25  Probe  
  15  0:40  Probe  
  16  0:47  Assimilator  
  16  0:51  Gateway  
  16  0:52  Probe  
  17  1:00  Pylon  
  17  1:04  Probe  
  18  1:16  Probe  
  19  1:28  Probe  
  20  1:38  Zealot  
  22  1:40  Probe, Cybernetics Core  
  23  1:52  Probe  
  24  2:04  Probe  
  24  2:05  Nexus  
  25  2:16  Probe, Warp Gate  
  26  2:24  Stalker  
  26  2:28  Probe  
  29  2:34  Pylon  
  29  2:41  Probe  
  30  2:46  Gateway  
  30  2:49  Assimilator  
  30  2:53  Probe  
  30  2:57  Adept  
  33  3:04  Pylon  
  33  3:05  Probe  
  34  3:17  Probe x2  
  36  3:24  Adept  
  38  3:29  Probe x2  
  40  3:35  Robotics Facility  
  40  3:39  Adept  
  42  3:41  Probe  
  42  3:42  Probe  
  44  3:52  Adept  
  44  3:53  Probe  
  44  3:54  Probe  
  48  4:05  Probe  
  48  4:06  Probe, Adept  
  52  4:17  Probe  
  52  4:18  Probe  
  54  4:27  Robotics Bay, Adept  
  54  4:28  Pylon  
  54  4:29  Probe  
  54  4:30  Probe, Observer  
  59  4:40  Robotics Facility  
  59  4:42  Probe  
  59  4:44  Pylon  
  60  4:46  Stalker  
  60  4:50  Stalker  
  64  4:56  Probe  
  64  4:58  Probe, Pylon  
  66  5:20  Gateway  
  66  5:24  Colossus  
  66  5:28  Zealot  
  74  5:29  Pylon  
  74  5:31  Zealot  
  76  5:41  Pylon  
  76  5:45  Probe  
  76  5:46  Probe, Assimilator  
  76  5:48  Zealot  
  80  5:50  Twilight Council  
  80  5:51  Zealot  
  80  5:52  Assimilator  
  81  5:57  Probe  
  82  6:09  Probe x2, Stalker  
  86  6:15  Pylon  
  86  6:21  Probe  
  86  6:22  Probe  
  88  6:29  Templar Archives  
  88  6:33  Probe  
  89  6:55  Forge  
  89  6:56  Pylon  
  89  7:00  Sentry  
  91  7:02  Pylon  
  91  7:04  Nexus  
  91  7:05  Stalker  
  91  7:08  High Templar  
  95  7:22  Forge  
  95  7:23  Stalker  
  95  7:24  Gateway  
  95  7:25  Warp Prism  
  95  7:26  Immortal  
  95  7:28  High Templar  
  105  7:32  Photon Cannon  
  105  7:38  Photon Cannon  
  105  7:40  Photon Cannon, Sentry, Archon  
  107  7:46  Stalker  
  109  7:51  Pylon  
  109  8:00  High Templar  
  109  8:03  High Templar  
  113  8:09  Stalker  
  113  8:11  Photon Cannon  
  115  8:13  Archon  
  115  8:17  Probe x2, Pylon  
  115  8:18  Probe, Stalker  
  120  8:25  Assimilator  
  120  8:28  Pylon  
  120  8:29  Probe  
  120  8:30  Probe x2  
  120  8:31  Assimilator  
  120  8:32  High Templar  
  125  8:39  High Templar  
  127  8:41  Probe  
  127  8:42  Probe  
  127  8:43  Probe, Archon, Stalker  
  132  8:49  Photon Cannon  
  132  8:51  Pylon  
  132  8:53  Probe  
  132  8:54  Probe  
  132  8:55  Probe, High Templar  
  137  9:05  High Templar, Probe  
  137  9:07  Probe x2  
  137  9:08  Stalker  
  137  9:09  Photon Cannon  
  144  9:10  Archon  
  144  9:12  Photon Cannon  
  144  9:15  Photon Cannon  
  144  9:17  Probe  
  144  9:18  High Templar  
  144  9:19  Probe  
  144  9:20  Probe  
  149  9:28  High Templar  
  151  9:32  Photon Cannon, Colossus, Stalker  
  151  9:33  Colossus  
  151  9:34  Archon  
  151  9:35  Pylon  
  151  9:36  Immortal  
  157  9:42  Sentry  
  157  9:43  Warp Prism  
  161  9:56  Gateway  
  161  9:58  Protoss Ground Weapons Level 1, Pylon  
  161  9:59  Nexus  
  161  10:04  Photon Cannon  
  161  10:05  Protoss Ground Armor Level 1  
  161  10:13  Stalker  
  163  10:16  Observer, Stalker  
  163  10:18  Pylon  
  163  10:20  Observer  
  167  10:22  Sentry  
  169  10:28  Sentry  
  171  10:35  Photon Cannon  
  171  10:36  Zealot  
  171  10:37  Immortal  
  171  10:41  Immortal  
  163  10:46  Zealot  
  163  10:48  Zealot  
  165  10:51  Zealot x2  
  165  10:56  Pylon  
  167  11:00  Zealot  
  157  11:15  Colossus  
  157  11:16  Assimilator  
  157  11:17  Stalker  
  155  11:20  Pylon, Immortal  
  155  11:21  Sentry  
  155  11:24  Stalker, Assimilator  
  155  11:25  Photon Cannon  
  163  11:27  Stalker  
  163  11:29  Adept  
  163  11:40  Gateway, Adept  
  163  11:42  Photon Cannon  
  163  11:44  Stalker  
  167  11:50  Stalker  
  167  11:52  Pylon, Nexus, Stalker  
  169  12:00  Sentry  
  164  12:02  Stalker  
  164  12:07  Sentry  
  168  12:10  Observer  
  168  12:13  Sentry  
  168  12:15  Adept  
  173  12:20  Photon Cannon  
  173  12:23  Photon Cannon, Sentry  
  173  12:25  Photon Cannon, Stalker  
  177  12:30  Stalker  
  177  12:34  Stalker  
Tags
 
Add a new tag
Caveats
  • Supply blocks, unpowered buildings, or Contaminate may cause inaccurate times.
  • Supply counts are checked every 10 seconds.